 Dungeon Crawl Stone Soup version 0.18.1-6-gd335043 (webtiles) character file.

18 zeroDi the Sneak (level 2, 0/15 HPs)
             Began as a Vine Stalker Assassin on May 19, 2016.
             Slain by a human (3 damage)
             ... on level 2 of the Dungeon.
             The game lasted 00:02:02 (1027 turns).

zeroDi the Sneak (Vine Stalker Assassin)            Turns: 1027, Time: 00:02:03

Health: 0/15       AC:  3    Str: 13    XL:     2   Next: 70%
Magic:  0/3        EV: 11    Int: 11    God:
Gold:   34         SH:  0    Dex: 15    Spells: 0 memorised, 1 level left

rFire  . . .     SeeInvis .     a - +2 dagger
rCold  . . .     Gourm    .     c - +0 robe
rNeg   . . .     Faith    .     (no shield)
rPois  .         Spirit   +     (no helmet)
rElec  .         Dismiss  .     d - +0 cloak
rCorr  .         Reflect  .     (no gloves)
SustAt .         Harm     .     (no boots)
MR     .....                    (no amulet)
Stlth  +++.......               (no ring)
                                (no ring)

@: not resistant to hostile enchantments, fairly stealthy
A: fangs 2, regeneration 1, magic shield, antimagic bite, no device heal 3, rot
immunity
a: no special abilities


You were on level 2 of the Dungeon.
You were not hungry.

You visited 1 branch of the dungeon, and saw 2 of its levels.

You collected 34 gold pieces.


Innate Abilities, Weirdness & Mutations

You have extremely sharp teeth.
Your natural rate of healing is unusually fast.
When hurt, damage is shared between your health and your magic reserves.
Your bite disrupts and absorbs the magic of your enemies.
Potions and wands cannot restore your health.
You are immune to rotting.


   Skills:
 - Level 1.7 Fighting
 + Level 2.9 Short Blades
 - Level 1.7 Throwing
 - Level 0.7 Dodging
 - Level 4.8 Stealth


You had one spell level left.
You didn't know any spells.

Inventory:

Hand Weapons
 a - a +2 dagger (weapon)
 b - a +0 blowgun
Missiles
 e - 21 poisoned needles
 f - 2 curare-tipped needles {=f}
Armour
 c - a +0 robe (worn)
 d - a +0 cloak (worn)
Jewellery
 h - an uncursed ring of ice {unknown}
Scrolls
 k - 2 scrolls of identify {unknown}
 l - 3 scrolls of remove curse {unknown}
Potions
 i - a potion of haste {unknown}
 j - a potion of heal wounds {unknown}
Comestibles
 g - a bread ration
 m - 4 fruits
 n - a royal jelly

Dungeon Overview and Level Annotations

Branches:
Dungeon (2/15)

Altars:
Yredelemnul

# #.... #. ....
#.####... #.......
#...)... #......#####
#..###.#...#
#.#.p@#K_.# ##
#.###.#...# ####.
#.....##### ..#....###
#......######.........
#......#....(.........
#.#####..# #........
#.#####..# #........
#........### #........
######.#....##........


You could see a human and a kobold.


Message History

The human is lightly wounded.
The human closely misses you.
You closely miss the human.
The human is lightly wounded.
The human hits you.
* * * LOW HITPOINT WARNING * * *
You barely miss the human. Your bite misses the human.
The human is lightly wounded.
The human hits you.
* * * LOW HITPOINT WARNING * * *
You hit the human but do no damage. Your bite misses the human.
The human is lightly wounded.
The human barely misses you.
You closely miss the human. Your bite misses the human.
The human is lightly wounded.
The human completely misses you.
You hit the human but do no damage. You bite the human, but do no damage.
The human is lightly wounded.
The human hits you.
You die...

Action                   || total
-------------------------++-------
Melee: Dagger            ||    54
       Bite              ||    11
 Fire: Blowgun           ||    22
 Stab: Sleeping          ||     3
       Distracted        ||     1
Armor: Robe              ||    27
Dodge: Dodged            ||    55

Vault maps used:
D:1:      minmay_arrival_widening_spiral_narrow, st_stairs_13, minivault_27,
          minmay_misc_feat_doors, roderic_roman_lattice, minmay_liquid_box,
          corexii_corridor_pit
D:2:      overflow_temple_1_default, first_bread, mrwooster_statue_mirror,
          dk_yredelemnul_ordeal

Notes
Turn   | Place    | Note
--------------------------------------------------------------
     0 | D:1      | zeroDi the Vine Stalker Assassin began the quest for the Orb.
     0 | D:1      | Reached XP level 1. HP: 11/11 MP: 2/2
   243 | D:1      | Reached skill level 2 in Short Blades
   251 | D:1      | HP: 1/11 [hobgoblin/club (1)]
   331 | D:1      | Reached XP level 2. HP: 15/15 MP: 3/3
   999 | D:2      | Found a runed door.
   999 | D:2      | Noticed a human
  1007 | D:2      | Found a basalt altar of Yredelemnul.
  1027 | D:2      | Slain by a human

Vanquished Creatures
  2 giant cockroaches (D:1)
  A goblin (D:1)
  4 hobgoblins (D:1)
  4 bats (D:1)
  3 giant newts (D:1)
  A jackal skeleton (D:2)
  A kobold (D:1)
  3 rats
19 creatures vanquished.
